 Dungeon Crawl Stone Soup version 0.19.1-1-g22dce08 (webtiles) character file.

1450 Jynx the Zephyrmancer (level 8, 0/69 HPs)
             Began as a High Elf Air Elementalist on Jan 14, 2017.
             Was a Follower of Makhleb.
             Succumbed to a scorpion's poison
             ... on level 7 of the Dungeon.
             The game lasted 00:17:07 (6113 turns).

Jynx the Zephyrmancer (High Elf Air Elementalist)   Turns: 6113, Time: 00:17:08

Health: 0/69       AC: 24    Str:  4 (6)  XL:     8   Next: 47%
Magic:  16/18      EV:  2    Int: 21 (22) God:    Makhleb [*.....]
Gold:   347        SH:  0    Dex: 13 (16) Spells: 4 memorised, 11 levels left

rFire  + . .     SeeInvis .     q - +3 quarterstaff (chaos)
rCold  x . .     Gourm    .     (armour currently unavailable)
rNeg   + + +     Faith    .     (shield currently unavailable)
rPois  +         Spirit   .     (helmet currently unavailable)
rElec  .         Reflect  .     (cloak currently unavailable)
rCorr  .         Harm     .     (gloves currently unavailable)
MR     .....     NoTele   +     (boots currently unavailable)
Stlth  ++........               (no amulet)
                                x - +2 ring of intelligence
                                o - ring of fire

@: lethally poisoned (0 -> -3), exhausted, tree-form, very slightly
contaminated, hasted and slowed, repel missiles
A: (talons 0), screaming 1, weak 1
a: Renounce Religion


You were on level 7 of the Dungeon.
You worshipped Makhleb.
Makhleb was aware of your devotion.
You were not hungry.
You were a tree.
You visited 2 branches of the dungeon, and saw 8 of its levels.

You collected 347 gold pieces.

Inventory:

Hand Weapons
 q - a +3 quarterstaff of chaos (weapon)
 D - a +0 long sword
Armour
 r - a +1 helmet (melded)
 s - a +0 cloak (melded)
 y - the +3 salamander hide armour (melded) {+Rage rF++}
   (You found it on level 6 of the Dungeon)

   It greatly protects you from fire.
   It lets you go berserk.
Jewellery
 o - a ring of fire (left branch)
 x - a +2 ring of intelligence (right branch)
Wands
 a - a wand of lightning (7/15)
 z - a wand of polymorph (0/24)
Scrolls
 d - 5 scrolls of teleportation
 f - 2 scrolls of blinking
 g - 3 scrolls of magic mapping
 j - 5 scrolls of remove curse
 l - a scroll of noise
 v - a scroll of fog
 w - a scroll of fear
Potions
 e - a potion of brilliance
 h - a potion of degeneration
 i - a potion of agility
 k - a potion of flight
 n - a potion of lignification
Books
 b - a book of Air

   Spells                             Type                      Level
   a - Shock                          Conjuration/Air              1
   b - Swiftness                      Charms/Air                   2
   c - Repel Missiles                 Charms/Air                   2
   d - Static Discharge               Conjuration/Air              3
   e - Lightning Bolt                 Conjuration/Air              5
Comestibles
 c - 6 bread rations
 t - a slice of pizza
 u - 2 beef jerkies


   Skills:
 + Level 0.8 Long Blades
 - Level 2.1 Dodging
 - Level 2.1 Stealth
 + Level 6.2 Spellcasting
 + Level 5.7 Conjurations
 * Level 9.5 Air Magic


You had 11 spell levels left.
You knew the following spells:

 Your Spells              Type           Power        Failure   Level  Hunger
a - Shock                 Conj/Air       ####         1%          1    None
b - Repel Missiles        Chrm/Air       ####..       1%          2    None
c - Swiftness             Chrm/Air       ####....     1%          2    None
d - Static Discharge      Conj/Air       #####...     1%          3    #......


Dungeon Overview and Level Annotations

Branches:
Dungeon (7/15)             Temple (1/1) D:4

Altars:
Ashenzari
Cheibriados
Dithmenos
Makhleb
Nemelex Xobeh
Okawaru
Qazlal
Ru
Trog
Uskayaw
Vehumet
Xom
Yredelemnul

Shops:
D:5 :


Innate Abilities, Weirdness & Mutations

((You have sharp toenails.))
You occasionally shout uncontrollably at your foes.
You are weak. (Str -2)


Message History

You are stuck in your current form!
Casting: Shock
Confirm with . or Enter, or press ? or * to list all spells.
Okay, then.
Okay, then.
Okay, then.
Evoke which item? (* to show all) (? for menu, Esc to quit)
Zapping:
z - a wand of polymorph (will waste charges)
Press: ? - help, Shift-Dir - straight line, f - you Really target yourself?
Nothing appears to happen.
Evoking this partially-identified wand wasted a few charges.
There is a lethal amount of poison in your body!
Evoke which item? (* to show all) (? for menu, Esc to quit)
Zapping:
z - a wand of polymorph {zapped: 2} (will waste charges)
Press: ? - help, Shift-Dir - straight line, f - you Really target yourself?
Nothing appears to happen.
Evoking this partially-identified wand wasted a few charges.
You die...

#########
############.......###+
#......#...........#...
#......#...........#...
#......#.....##....#...
######......#.....##....###.
.........>.♣'.....++........
.......†....#.....##........
............#.....####......
........#'###...............
........#.# #.............).
.....####.# ###..........##'
..... #.# #.............
##### #.# #............. ...
............


There were no monsters in sight!

Vanquished Creatures
  The ghost of senny the Skirmisher, an amateur DsCK of Xom (D:3)
  An orc warrior (D:6)
  A black bear (D:6)
  A necrophage (D:6)
  A phantom (D:5)
  2 centaurs (D:6)
  A bullfrog (D:6)
  2 scorpions
  3 howler monkeys
  A crimson imp (D:5)
  A hound (D:6)
  A quasit (D:7)
  A bullfrog skeleton (D:7)
  2 orc priests
  An orc wizard (D:5)
  An iguana (D:6)
  Crazy Yiuf (D:3)
  3 worker ants
  Robin (D:3)
  6 adders
  An adder skeleton (D:7)
  2 worms (D:2)
  A dart slug (D:4)
  4 leopard geckos
  19 orcs
  5 bats (D:3)
  4 giant cockroaches
  10 goblins
  12 hobgoblins
  2 quokkas (D:6)
  2 frilled lizards (D:3)
  6 kobolds
  12 rats
112 creatures vanquished.

Notes
Turn   | Place    | Note
-------+----------+-------------------------------------------
     0 | D:1      | Jynx the High Elf Air Elementalist began the quest for the Orb.
     0 | D:1      | Reached XP level 1. HP: 11/11 MP: 4/4
   266 | D:1      | Reached XP level 2. HP: 15/17 MP: 2/6
   922 | D:2      | Reached skill level 4 in Air Magic
  1081 | D:2      | Reached XP level 3. HP: 21/21 MP: 3/8
  1635 | D:2      | Found an iron altar of Okawaru.
  1961 | D:3      | Found a runed door.
  1968 | D:3      | Learned a level 2 spell: Repel Missiles
  1971 | D:3      | Learned a level 2 spell: Swiftness
  1975 | D:3      | Learned a level 3 spell: Static Discharge
  1975 | D:3      | Noticed Crazy Yiuf
  1978 | D:3      | Killed Crazy Yiuf
  1978 | D:3      | Reached XP level 4. HP: 27/27 MP: 6/10
  2105 | D:3      | Noticed Robin
  2106 | D:3      | Reached skill level 5 in Air Magic
  2118 | D:3      | Killed Robin
  2332 | D:3      | Noticed senny's ghost (amateur DsCK)
  2375 | D:3      | Killed senny's ghost
  2375 | D:3      | Reached skill level 6 in Air Magic
  2375 | D:3      | Reached XP level 5. HP: 11/31 MP: 0/12
  2618 | D:3      | Reached XP level 6. HP: 36/36 MP: 9/13
  2879 | D:4      | Found a staircase to the Ecumenical Temple.
  2888 | Temple   | Entered the Ecumenical Temple
  2895 | Temple   | Became a worshipper of Makhleb the Destroyer
  2916 | D:4      | Found Doec's General Store.
  3162 | D:4      | Found a sparkling altar of Nemelex Xobeh.
  3473 | D:5      | Entered Level 5 of the Dungeon
  3491 | D:5      | Found a radiant altar of Vehumet.
  3704 | D:5      | Found Aghecikk's Book Shop.
  3868 | D:5      | Reached skill level 7 in Air Magic
  4070 | D:5      | Reached XP level 7. HP: 41/41 MP: 10/15
  4291 | D:5      | Reached skill level 5 in Spellcasting
  4605 | D:6      | Reached skill level 8 in Air Magic
  4852 | D:6      | Reached skill level 5 in Conjurations
  5012 | D:6      | Reached XP level 8. HP: 43/46 MP: 7/17
  5576 | D:6      | Reached skill level 9 in Air Magic
  5662 | D:6      | Reached * piety under Makhleb
  6108 | D:7      | HP: 2/46 [poisoned by a scorpion]
  6110 | D:7      | Gained mutation: You are weak. (Str -2) [potion of mutation]
  6110 | D:7      | Gained mutation: You have sharp toenails. [potion of mutation]
  6110 | D:7      | Gained mutation: You occasionally shout uncontrollably at your foes. [potion of mutation]
  6113 | D:7      | Succumbed to a scorpion's poison

Skill      XL: |  1  2  3  4  5  6  7  8 |
---------------+-------------------------+-----
Spellcasting   | 3 4 5 6 |  6.2
Conjurations   | 2 3 4 5 |  5.7
Air Magic      | 4 6 7 8 9 |  9.5
Long Blades    | |  0.8
Dodging        | |  2.1
Stealth        | |  2.1

Action                   |  1- 3 |  4- 6 |  7- 9 || total
-------------------------+-------+-------+-------++-------
Melee: Unarmed           |     7 |       |       ||     7
       Short sword       |     3 |       |       ||     3
       Quarterstaff      |       |     9 |    12 ||    21
 Cast: Shock             |    95 |    91 |   125 ||   311
       Repel Missiles    |       |     1 |       ||     1
       Static Discharge  |       |       |     3 ||     3
       Swiftness         |       |       |     1 ||     1
Evoke: Wand              |       |       |     2 ||     2
  Use: Scroll            |    12 |     1 |       ||    13
       Potion            |       |       |     7 ||     7
 Stab: Petrifying        |       |       |     1 ||     1
       Sleeping          |       |       |     1 ||     1
  Eat: Chunk             |     3 |     6 |     7 ||    16
Armor: Robe              |     1 |     5 |     3 ||     9
       Leather armour    |       |       |    19 ||    19
Dodge: Dodged            |     9 |     7 |    43 ||    59
       Deflected         |       |       |     2 ||     2
